 Dungeon Crawl Stone Soup version 0.24.0-1-gfbc8707 (webtiles) character file.

Game seed: 10125063704753087863, levelgen mode: deterministic

96 Buxparty the Skirmisher (level 4, -4/29 HPs)
             Began as a Gargoyle Fighter on Jan 4, 2020.
             Killed from afar by a white imp (6 damage)
             ... with a puff of frost
             ... summoned by Natasha
             ... on level 2 of the Dungeon.
             The game lasted 00:03:49 (1041 turns).

Buxparty the Skirmisher (Gargoyle Fighter)          Turns: 1041, Time: 00:03:50

Health: -4/29      AC: 11    Str: 20    XL:     4   Next: 67%
Magic:  4/4        EV:  7    Int:  9    God:
Gold:   79         SH:  9    Dex:  9    Spells: 3/3 levels left

rFire    . . .     SeeInvis .   a - +0 flail
rCold    . . .     Gourm    .   c - +0 shield
rNeg     + . .     Faith    .   b - +0 scale mail
rPois    ∞         Spirit   .   (no helmet)
rElec    +         Reflect  .   (no cloak)
rCorr    .         Harm     .   (no gloves)
MR       .....                  l - +0 pair of boots
Stlth    ..........             (no amulet)
HPRegen  0.09/turn              (no ring)
MPRegen  0.09/turn              (no ring)

@: no status effects
A: negative energy resistance 1, electricity resistance, unbreathing,
petrification resistance, rot immunity, AC +3
a: no special abilities


You were on level 2 of the Dungeon.
You were not hungry.

You visited 1 branch of the dungeon, and saw 2 of its levels.

You collected 79 gold pieces.

Inventory:

Hand Weapons
 a - a +0 flail (weapon)
Armour
 b - a +0 scale mail (worn)
 c - a +0 shield (worn)
 l - a +0 pair of boots (worn)
Jewellery
 j - an uncursed ring of resist corrosion {unknown}
Scrolls
 i - a scroll of random uselessness {unknown}
 k - 2 scrolls of teleportation {unknown}
 m - a scroll of identify {unknown}
 n - 2 scrolls of remove curse {unknown}
 o - a scroll of magic mapping {unknown}
 p - a scroll of enchant weapon {unknown}
Potions
 d - a potion of might
 e - a potion of curing {unknown}
 g - a potion of resistance {unknown}
 h - a potion of degeneration {unknown}
Comestibles
 f - 3 rations


   Skills:
 + Level 3.9 Fighting
 * Level 3.3 Maces & Flails
 + Level 3.9 Armour
 + Level 3.8 Shields


You had 3 spell levels left.
You didn't know any spells.
Your spell library was empty.

Dungeon Overview and Level Annotations

Branches:
Dungeon (2/15)

Altars:

Annotations:
D:2 Natasha


Innate Abilities, Weirdness & Mutations

You are resistant to torment.
Your stone body is resilient. (AC +3)
You are immune to poison.
You resist negative energy. (rN+)
You are resistant to electric shocks. (rElec)
You can survive without breathing.
You are immune to petrification.
You are immune to rotting.


Message History

You are too injured to fight recklessly!
You are too injured to fight recklessly!
You are too injured to fight recklessly!
You are too injured to fight recklessly!
You are too injured to fight recklessly!
You closely miss Natasha.
Natasha is almost dead.
Natasha claws you.
* * * LOW HITPOINT WARNING * * *
The white imp closely misses you. Natasha casts a spell at you.
You resist with some effort. You block the white imp's attack.
You hit Natasha.
Natasha is almost dead.
Natasha claws you.
* * * LOW HITPOINT WARNING * * *
The white imp spits at you. The white imp gestures at you.
The puff of frost hits you.
You die...

. .. ... ....
..... ###J...!.
##@hS5...)
###5####...# #
##....# # ##
##..##.# .####
####..##..#
....#
#....#...[#####
....#
#.####.#......#
....# #.#
#...####.##
...## ##.#
##..## #..#


You could see Natasha, a crimson imp, an ooze, an adder and a white imp.

Vanquished Creatures
  Natasha (D:2)
  2 adders (D:2)
  An ooze (D:2)
  2 dart slugs
  3 leopard geckos
  11 bats
  A goblin (D:1)
  2 hobgoblins
  3 jackals (D:2)
  9 kobolds
  A ball python (D:2)
  3 frilled lizards
  3 rats
42 creatures vanquished.

Notes
Turn   | Place    | Note
-------+----------+-------------------------------------------
     0 | D:1      | Buxparty the Gargoyle Fighter began the quest for the Orb.
     0 | D:1      | Reached XP level 1. HP: 14/14 MP: 1/1
    57 | D:1      | Reached XP level 2. HP: 18/19 MP: 2/2
   498 | D:1      | Reached XP level 3. HP: 21/23 MP: 3/3
   657 | D:2      | Reached XP level 4. HP: 22/29 MP: 4/4
   777 | D:2      | Noticed Natasha
   792 | D:2      | Killed Natasha
  1024 | D:2      | Noticed Natasha
  1041 | D:2      | Killed from afar by a white imp

Levels and vault maps discovered:
D:1:      mrwooster_arrival_statue_2, layout_rooms, corexii_leaking_fountain
D:2:      minmay_evil_eye, layout_rooms, serial_rivers,
          chequers_serial_rivers_micro_b, chequers_serial_rivers_large_b,
          chequers_serial_rivers_micro_d, chequers_serial_rivers_micro_a,
          chequers_serial_rivers_small_a, kennysheep_potato, uniq_natasha

Skill      XL: |  1  2  3 |
---------------+----------+-----
Maces & Flails | 3 |  3.3
Fighting       | |  3.9
Armour         | |  3.9
Shields        | |  3.8

Action                   |  1- 3 |  4- 6 || total
-------------------------+-------+-------++-------
Melee: Flail             |   149 |    64 ||   213
  Eat: Ration            |       |     1 ||     1
Armor: Scale mail        |   126 |    31 ||   157
Dodge: Dodged            |    74 |    16 ||    90
Block: Shield            |   132 |    31 ||   163
